 Dungeon Crawl Stone Soup version 0.30-a0-311-gf115ab0292 (webtiles) character file.

Game seed: 8464254477417610646

36074 Lanoc the Blocker (level 14, -2/113 HPs)
             Began as a Formicid Fighter on Oct 25, 2022.
             Was an Initiate of Yredelemnul.
             Slain by Nag Lastie's ghost (15 damage)
             ... on level 12 of the Dungeon.
             The game lasted 00:37:18 (10897 turns).

Lanoc the Blocker (Formicid Fighter)               Turns: 10897, Time: 00:37:20

Health: -2/113     AC: 23    Str: 26    XL:     14   Next: 21%
Magic:  0/14       EV: 17    Int: 14    God:    Yredelemnul [......]
Gold:   1009       SH: 14    Dex: 21    Spells: 13/13 levels left

rFire   . . .      SeeInvis +    A - +8 mace of Calculation {venom, rPois Int+4 Dex+4}
rCold   . . .      Faith    .    J - +0 kite shield
rNeg    . . .      Spirit   +    R - +7 chain mail "Elaux" {rPois}
rPois   +          Reflect  .    (helmet unavailable)
rElec   .          Harm     .    F - +0 cloak
rCorr   .          Rampage  .    i - +1 pair of gloves
Will    .....                    (no boots)
Stlth   ..........               a - amulet of guardian spirit
HPRegen 0.38/turn                l - +4 ring of evasion
MPRegen 0.14/turn                w - +6 ring of strength

@: weak-willed, invisible
A: permanent stasis, dig shafts and tunnels, antennae 3, four strong arms
a: Dig, Shaft Self, Renounce Religion, Recall Undead Harvest


You were on level 12 of the Dungeon.
You worshipped Yredelemnul.
Yredelemnul was noncommittal.
You visited 2 branches of the dungeon, and saw 13 of its levels.
You also visited: Bailey.

You collected 1297 gold pieces.
You spent 288 gold pieces at shops.

Inventory:

Hand Weapons
 A - the +8 mace of Calculation (weapon) {venom, rPois Int+4 Dex+4}
   (You found it on level 4 of the Dungeon)

   It poisons the flesh of those it strikes.
   Int:       It affects your intelligence (+4).
   Dex:       It affects your dexterity (+4).
   rPois:     It protects you from poison.
Missiles
 p - 3 throwing nets
 G - 15 curare-tipped darts (quivered)
Armour
 i - a +1 pair of gloves (worn)
 F - a +0 cloak (worn)
 J - a +0 kite shield (worn)
 R - the +7 chain mail "Elaux" (worn) {rPois}
   (You found it on level 12 of the Dungeon)

   rPois:     It protects you from poison.
Jewellery
 a - an amulet of guardian spirit (around neck)
 b - a ring of ice
 c - a ring of flight
 g - an amulet of regeneration
 l - a +4 ring of evasion (left hand)
 o - an amulet of reflection
 u - a ring of positive energy
 w - a +6 ring of strength (right hand)
 D - a ring of wizardry
 L - a ring of ice
 Q - a ring of protection from cold
Wands
 j - a wand of roots (9)
 H - a wand of polymorph (5)
Scrolls
 h - 3 scrolls of poison
 m - a scroll of teleportation
 q - 8 scrolls of enchant weapon
 r - a scroll of torment
 s - 2 scrolls of silence
 v - 3 scrolls of amnesia
 x - 8 scrolls of enchant armour
 y - a scroll of brand weapon
 N - 2 scrolls of magic mapping
 O - a scroll of vulnerability
Potions
 e - 4 potions of attraction
 k - 2 potions of resistance
 t - 3 potions of curing
 z - 3 potions of brilliance
 B - 2 potions of lignification
 C - 4 potions of mutation
 E - a potion of magic
 K - 4 potions of cancellation
Miscellaneous
 n - a tin of tremorstones (2/2)
 I - a phantom mirror (inert)


   Skills:
 + Level 11.1 Fighting
 * Level 13.1(13.4) Maces & Flails
 - Level 4.5(9.6) Staves
 + Level 11.1 Armour
 + Level 8.9 Dodging
 + Level 13.2 Shields


You had 13 spell levels left.
You didn't know any spells.
Your spell library contained the following spells:

 Spells                   Type           Power      Damage    Failure   Level
 Kiss of Death            Conj/Necr      0%         2d5       91%         1
 Cigotuvi's Dreadful Rot  Necr/Pois/Air  0%         N/A       97%         2
 Call Canine Familiar     Summ           0%         N/A       100%        3
 Confusing Touch          Hex            0%         N/A       100%        3
 Dazzling Flash           Conj/Hex       0%         N/A       100%        3
 Ozocubu's Armour         Ice            0%         N/A       100%        3
 Portal Projectile        Hex/Tloc       0%         N/A       100%        3
 Tukima's Dance           Hex            0%         N/A       100%        3
 Dispel Undead            Necr           0%         3d6       100%        4
 Passage of Golubria      Tloc           0%         N/A       100%        4
 Summon Ice Beast         Ice/Summ       0%         N/A       100%        4
 Agony                    Necr           0%         N/A       100%        5
 Blade Hands              Tmut           0%         N/A       100%        5
 Irradiate                Conj/Tmut      0%         3d11      100%        5
 Silence                  Hex/Air        0%         N/A       100%        5
 Yara's Violent Unravell  Hex/Tmut       0%         3d3       100%        5
 Dragon Form              Tmut           0%         N/A       100%        7
 Enfeeble                 Hex            0%         N/A       100%        7
 Ozocubu's Refrigeration  Ice            0%         4d7       100%        7
 Summon Hydra             Summ           0%         N/A       100%        7
 Lehudib's Crystal Spear  Conj/Erth      0%         10d2      100%        8
 Death Channel            Necr           Unusable   N/A       N/A         6

Dungeon Overview and Level Annotations

Branches:
Dungeon (12/15)            Temple (1/1) D:7            Lair (0/5) D:10
    Orc (0/2) D:10         Bailey (visited)

Altars:
Ashenzari
Gozag
Hepliaklqana
Qazlal
Ru
Xom
Yredelemnul

Shops:
D:4 (   D:9 :   D:11 !**   D:12 [

Annotations:
D:12 Cahirphut's ghost, journeyman HOFi; Ipimm's ghost, journeyman MeAK; Nag Lastie's ghost, journeyman SpHu; Nilodghi's ghost, journeyman KoBe; Sosopn's ghost, journeyman MiFi


Innate Abilities, Weirdness & Mutations

You cannot be hasted, slowed, berserked, paralysed or teleported.
You can dig through walls and to a lower floor.
You have a pair of large antennae on your head. (SInv)
Your four strong arms can wield two-handed weapons with a shield.


Message History

You fade into invisibility!
Nag Lastie's ghost closely misses you.
Nag Lastie's ghost attacks as you move away!
Nag Lastie's ghost hits you!
* * * LOW HITPOINT WARNING * * *
x2 Nag Lastie's ghost attacks as you move away!
Nag Lastie's ghost closely misses you.
Nag Lastie's ghost attacks as you move away!
Nag Lastie's ghost hits you but does no damage.
You feel better. You block Nag Lastie's ghost's attack.
You feel better. Nag Lastie's ghost hits you!
* * * LOW HITPOINT WARNING * * *
x2 You feel better.
Nag Lastie's ghost barely misses you.
Okay, then.
Okay, then.
Nag Lastie's ghost attacks as you move away!
You block Nag Lastie's ghost's attack.
Nag Lastie's ghost lets out a mournful wail.
There is an open door here.
There is an open door here.
Nag Lastie's ghost attacks as you move away!
Nag Lastie's ghost hits you!!
* * * LOW HITPOINT WARNING * * *
x2
There is an open door here.
Press: ? - help, v - describe, . - travel
Here: Nag Lastie's ghost, wielding a vorpal weapon (severely damaged)
An open door.
As you read the scroll labelled REZEOTS HUPU, it crumbles to dust.
You feel a strange sense of stasis.
It was a scroll of teleportation.
Nag Lastie's ghost misses you.
As you read the scroll labelled HANOWODW WYMU, it crumbles to dust.
Magic quickly surges around you.
It was a scroll of vulnerability.
As you read the scroll labelled VOAROIZXEG, it crumbles to dust.
Your stasis prevents you from teleporting.
It was a scroll of blinking.
You block Nag Lastie's ghost's attack. You block Nilodghi's ghost's attack.
Nag Lastie's ghost attacks as you move away!
Nag Lastie's ghost hits you!
You die...
Your body rises from the dead as a mindless zombie.

.# #..Z.#### #..# ##
##.8....# ####.###### #
####'.....###.........#
#
#......<...8..........#
#
#...........#.........#
#
#........∩..(.........#
#
#.....................#
#......8..[>..........#
#....W@................
#....W.......8.(.......
#...W......##....))...#
#........####.....).).#
##W####### ####.######
###### #..W.# #...##
.....##### ####W##
###..#
.....+...###.....#
#####.###
.....###ZZ##...W.#
#.......#


You could see Ipimm's ghost (unable to see you), Nag Lastie's ghost
(weak-willed), Nilodghi's ghost (unable to see you, weak-willed) and Sosopn's
ghost (unable to see you).

Vanquished Creatures
  A fire dragon (D:10)
  Fannar (D:10)
  8 two-headed ogres
  Erica (D:11)
  2 centaur warriors (D:10)
  A tengu warrior (D:10)
  Lodul (D:11)
  An orc knight (Bailey)
  The ghost of Lanoc the Summoner, a novice DESu of Lugonu (D:7)
  6 ugly things
  A cyclops (D:11)
  4 gargoyles
  2 unseen horrors (D:12)
  An efreet (D:10)
  3 kobold demonologists
  A komodo dragon (D:11)
  A freezing wraith (D:10)
  8 trolls
  A meliai (D:10)
  10 slime creatures (D:12)
  2 shadows (D:10)
  A wyvern (D:10)
  Eustachio (D:5)
  28 yaks
  4 wraiths
  2 vampires
  3 steam dragons
  Grum (D:9)
  4 vampire mosquitoes
  3 acid dragons
  2 sky beasts
  12 orc warriors
  3 ice beasts
  6 ogres
  3 wolves (D:9)
  4 centaurs
  A phantom (D:4)
  3 bullfrogs
  17 kobold brigands
  3 necrophages
  3 scorpions
  4 earth elementals (D:10)
  16 wights
  5 killer bees (D:8)
  A howler monkey (D:11)
  6 electric eels (D:10)
  3 gnoll boudas
  A hound (D:4)
  5 orc priests
  4 jellies
  Crazy Yiuf (D:7)
  12 orc wizards
  Natasha (thrice) (D:3)
  2 iguanas (D:6)
  8 adders
  11 gnolls
  5 shadow imps
  A white imp (D:8)
  4 ufetubi
  5 dart slugs
  44 orcs
  5 ball pythons
  6 endoplasms
  5 giant cockroaches
  11 hobgoblins
  2 jackals (D:3)
  5 quokkas
  9 bats
  4 frilled lizards
  8 goblins
  14 kobolds
  5 rats
376 creatures vanquished.

Vanquished Creatures (collateral kills)
  A two-headed ogre (D:10)
  2 cyclopes (D:12)
  A wraith (D:10)
  4 yaks
  An acid dragon (D:10)
  A black bear (D:6)
  2 ice beasts
  An ogre (D:11)
  3 kobold brigands
  2 bullfrogs
  A wight (D:6)
  An electric eel (D:10)
  2 hounds
  Jessica (D:3)
  An iguana (D:6)
  An orc wizard (D:6)
  2 adders
  A gnoll (D:7)
  9 orcs
  An endoplasm (D:3)
  2 hobgoblins (D:3)
  3 kobolds
  2 ball pythons (D:2)
  A rat (D:2)
46 creatures vanquished.

Vanquished Creatures (others)
  A two-headed ogre (D:10)
  A deep elf pyromancer (D:10)
  2 centaur zombies (D:10)
  A tengu conjurer (D:10)
  An unseen horror zombie (D:12)
  A meliai zombie (D:10)
  A yak (D:10)
  4 slime creature zombies (D:12)
  A wraith (D:10)
  A wyvern (D:10)
  6 two-headed ogre zombies
  An elf zombie (D:10)
  2 vampire mosquito zombies (D:12)
  2 wyvern zombies (D:10)
  3 cyclops zombies
  4 troll zombies (D:10)
  7 yak zombies
  A bullfrog zombie (D:6)
  An ice beast zombie (D:7)
  2 acid dragon zombies
  9 kobold zombies
  2 ogre zombies (D:11)
  A sky beast zombie (D:7)
  A howler monkey zombie (D:11)
  A steam dragon zombie (D:7)
  4 adder zombies
  A spectral white imp (D:8)
  A spectral shadow imp (D:8)
  A ball python zombie (D:4)
  An endoplasm zombie (D:3)
  6 gnoll zombies
  A goblin zombie (D:4)
  A hobgoblin zombie (D:3)
  37 orc zombies
  3 fungi (D:7)
  112 plants
225 creatures vanquished.

Grand Total: 647 creatures vanquished

Notes
Turn   | Place    | Note
-------+----------+-------------------------------------------
     0 | D:1      | Lanoc the Formicid Fighter began the quest for the Orb.
     0 | D:1      | Reached XP level 1. HP: 18/18 MP: 1/1
   120 | D:1      | Reached XP level 2. HP: 23/24 MP: 2/2
   366 | D:1      | Reached XP level 3. HP: 29/29 MP: 3/3
   683 | D:2      | Got the Compendium of Assembling
   698 | D:2      | Found a faded altar of an unknown god.
   792 | D:2      | Prayed at the altar of an unknown god.
   792 | D:2      | Became a worshipper of Yredelemnul the Dark
   792 | D:2      | Reached * piety under Yredelemnul
   873 | D:2      | Reached XP level 4. HP: 36/36 MP: 4/4
   903 | D:2      | Reached ** piety under Yredelemnul
   904 | D:2      | Reached skill level 1 in Dodging
  1352 | D:3      | Reached XP level 5. HP: 39/42 MP: 5/5
  1375 | D:3      | Found an opulent altar of Gozag.
  1379 | D:3      | Noticed Natasha
  1385 | D:3      | Killed Natasha
  1466 | D:3      | Reached XP level 6. HP: 48/48 MP: 6/6
  1477 | D:3      | Noticed Jessica
  1482 | D:3      | Killed Jessica
  1483 | D:3      | Reached skill level 5 in Shields
  1494 | D:3      | Noticed Natasha
  1501 | D:3      | Killed Natasha
  1547 | D:3      | Noticed Natasha
  1558 | D:3      | Killed Natasha
  1955 | D:4      | Reached XP level 7. HP: 52/55 MP: 7/7
  2184 | D:4      | Identified the +8 mace of Calculation {venom, rPois Int+4
                  | Dex+4}
  2219 | D:4      | Found Limar's Weapon Shop.
  2301 | D:4      | Reached *** piety under Yredelemnul
  2317 | D:5      | Entered Level 5 of the Dungeon
  2361 | D:5      | Reached skill level 1 in Maces & Flails
  2396 | D:5      | Reached XP level 8. HP: 61/61 MP: 8/8
  2514 | D:5      | Found a hazy altar of Hepliaklqana.
  2566 | D:5      | Noticed Eustachio
  2582 | D:5      | Killed Eustachio
  2583 | D:5      | Reached skill level 5 in Fighting
  2583 | D:5      | Reached skill level 5 in Armour
  3131 | D:6      | Reached XP level 9. HP: 69/69 MP: 9/9
  3397 | D:6      | Reached skill level 5 in Maces & Flails
  3643 | D:7      | Found a staircase to the Ecumenical Temple.
  3653 | Temple   | Entered the Ecumenical Temple
  4036 | D:7      | Reached XP level 10. HP: 77/77 MP: 10/10
  4102 | D:7      | Found a runed translucent gate.
  4102 | D:7      | Found a runed translucent gate.
  4105 | D:7      | Noticed Lanoc's ghost (novice DESu)
  4108 | D:7      | Found a runed translucent gate.
  4344 | D:7      | Found a runed translucent door.
  4345 | D:7      | Noticed Crazy Yiuf
  4351 | D:7      | Killed Crazy Yiuf
  4478 | D:7      | Killed Lanoc's ghost
  4488 | D:7      | Reached skill level 5 in Dodging
  5269 | D:8      | Found a broken altar of Ashenzari.
  5273 | D:8      | Saw a vision of the Swamp and the Spider Nest.
  5273 | D:8      | Noticed a bog body
  5273 | D:8      | Noticed a bog body
  5273 | D:8      | Noticed a six-headed hydra
  5273 | D:8      | Noticed a demonic crawler
  5273 | D:8      | Noticed an entropy weaver
  5273 | D:8      | Noticed a demonic crawler
  5273 | D:8      | Noticed a wolf spider
  5274 | D:8      | Noticed an entropy weaver
  5275 | D:8      | Noticed an eleionoma
  5276 | D:8      | Noticed a spriggan druid
  5404 | D:9      | Found Eptit's Book Emporium.
  5459 | D:9      | Reached XP level 11. HP: 65/85 MP: 11/11
  5541 | D:9      | Found a flagged portal.
  5579 | Bailey   | Entered a bailey
  5688 | Bailey   | Noticed an orc knight
  5752 | Bailey   | Killed an orc knight
  5803 | Bailey   | Reached skill level 10 in Shields
  5994 | D:9      | Identified the +5 chain mail of the Prince of Darkness
                  | {Dex+4}
  6107 | D:9      | Found a sacrificial altar of Ru.
  6273 | D:9      | Noticed Grum
  6274 | D:9      | Found a large runed translucent door.
  6274 | D:9      | Found a large runed translucent door.
  6293 | D:9      | Killed Grum
  6298 | D:9      | Found a shimmering altar of Xom.
  6301 | D:9      | Identified the +7 dagger of Theory {chaos, Stlth+}
  6301 | D:9      | Noticed a cyan ugly thing
  6304 | D:9      | Noticed a purple ugly thing
  6334 | D:9      | Killed a cyan ugly thing
  6335 | D:9      | Your ally Grum died
  6349 | D:9      | Killed a cyan ugly thing
  6837 | D:10     | Entered Level 10 of the Dungeon
  6883 | D:10     | Reached XP level 12. HP: 84/94 MP: 12/12
  6932 | D:10     | Found a staircase to the Lair.
  7030 | D:10     | Noticed a two-headed ogre
  7037 | D:10     | Killed a two-headed ogre
  7087 | D:10     | Reached skill level 10 in Maces & Flails
  7205 | D:10     | Noticed a two-headed ogre
  7211 | D:10     | Killed a two-headed ogre
  7316 | D:10     | Noticed a centaur warrior
  7316 | D:10     | Noticed a two-headed ogre
  7316 | D:10     | Noticed a tengu warrior
  7316 | D:10     | Noticed a centaur warrior
  7323 | D:10     | Killed a two-headed ogre
  7324 | D:10     | Reached **** piety under Yredelemnul
  7329 | D:10     | Killed a centaur warrior
  7330 | D:10     | Reached ***** piety under Yredelemnul
  7330 | D:10     | Noticed a two-headed ogre
  7343 | D:10     | Killed a tengu warrior
  7348 | D:10     | Killed a centaur warrior
  7412 | D:10     | Killed a two-headed ogre
  7545 | D:10     | Reached XP level 13. HP: 93/103 MP: 13/13
  7598 | D:10     | Noticed a fire dragon
  7604 | D:10     | Reached skill level 10 in Fighting
  7609 | D:10     | Reached skill level 10 in Armour
  7629 | D:10     | Killed a fire dragon
  7835 | D:10     | Found a staircase to the Orcish Mines.
  8145 | D:10     | Found a stormy altar of Qazlal.
  8176 | D:10     | Noticed Fannar
  8209 | D:10     | Killed Fannar
  8860 | D:11     | Noticed Lodul
  8899 | D:11     | HP: 1/104 [Lodul/bolt of lightning (27)]
  8908 | D:11     | HP: 5/104 [Lodul/+0 dire flail (30)]
  8910 | D:11     | HP: 1/104 [Lodul/+0 dire flail (6)]
  8911 | D:11     | Killed Lodul
  9059 | D:11     | Found Qonaober's General Store.
  9110 | D:11     | Found Temy's General Store.
  9203 | D:11     | Found Yfelumoe's Distillery.
  9221 | D:11     | Bought a potion of resistance for 160 gold pieces
  9221 | D:11     | Bought a potion of invisibility for 128 gold pieces
  9434 | D:11     | Noticed Erica
  9449 | D:11     | Killed Erica
  9662 | D:12     | Identified the +7 chain mail "Elaux" {rPois}
  9774 | D:12     | Reached XP level 14. HP: 111/111 MP: 14/14
  9843 | D:12     | Found Toepu's Antique Armour Shop.
  9909 | D:12     | Found a runed translucent gate.
  9909 | D:12     | Found a runed translucent gate.
  9909 | D:12     | Found a runed translucent gate.
  9909 | D:12     | Noticed Cahirphut's ghost (journeyman HOFi)
  9910 | D:12     | Noticed Nag Lastie's ghost (journeyman SpHu)
  9910 | D:12     | Noticed Sosopn's ghost (journeyman MiFi)
  9910 | D:12     | Noticed Ipimm's ghost (journeyman MeAK)
  9910 | D:12     | Noticed Nilodghi's ghost (journeyman KoBe)
 10897 | D:12     | Slain by Nag Lastie's ghost

Illustrated notes

Levels and vault maps discovered:
D:1:      roderic_chinese_lattice_arrival, layout_rooms, nrook_mini_backslash,
          minmay_cupped
D:2:      layout_basic, dilly_ecumenical_altar_fadedgnrine, minivault_19,
          minmay_bisected
D:3:      layout_loops_ring, nicolae_gozag_seed_capital, uniq_jessica,
          uniq_natasha
D:4:      minmay_octagon_keep, layout_rooms, serial_shops, shop_coins
D:5:      layout_cave_pods, mainiacjoe_overflow_chevrons, uniq_eustachio
D:6:      layout_cave_pools, amcnicky_mini_pool_small
D:7:      layout_loops_ring, minmay_temple_entry_overgrown,
          gammafunk_ghost_nasty_kobolds, minmay_circle_x,
          uniq_crazy_yiuf_cottage
D:8:      layout_loops_ring, grunt_ashenzari_visionary
          [grunt_ashenzari_visionary_swamp, grunt_ashenzari_visionary_spider]
D:9:      due_chaos_kobolds, layout_gridville,
          nicolae_ru_great_annihilating_truth, serial_shops, shop,
          enter_bailey_6, uniq_grum
D:10:     nzn_winding_woodlands_large [nzn_winding_woodlands_5x5_three,
          nzn_winding_woodlands_5x15_twine,
          nzn_winding_woodlands_5x5_checkerboard,
          nzn_winding_woodlands_center_garden,
          nzn_winding_woodlands_15x15_five_gardens,
          nzn_winding_woodlands_center_triple_pond,
          nzn_winding_woodlands_5x5_perimeter,
          nzn_winding_woodlands_5x15_crooked,
          nzn_winding_woodlands_5x5_closed_star], layout_cave_pools,
          grunt_qazlal_clouds, serial_bayou, serial_bayou_lagoon_a,
          serial_bayou_lagoon_b, serial_bayou_pond_d, serial_bayou_crossing,
          uniq_fannar
D:11:     minmay_stone_box, layout_loops_ring, serial_shops, shop,
          nicolae_shop_waterfront, nicolae_shop_advertising_works
          [nicolae_subvault_shop_adworks], kennysheep_generic_room_11,
          uniq_erica, uniq_lodul
D:12:     layout_roguey, serial_shops, nicolae_stop_n_shop_1,
          gammafunk_ghost_cemetery
Temple:   bh_familiar_temple

Skill      XL: |  1  2  3  4  5  6  7  8  9 10 11 12 13 14 |
---------------+-------------------------------------------+-----
Dodging        | 1 2 3 4 5 6 7 8 |  8.9
Staves         | 3 4 |  4.5
Armour         | 4 5 6 7 8 9 10 11 | 11.1
Fighting       | 4 5 6 7 8 9 10 11 | 11.1
Shields        | 5 6 8 9 10 11 12 13 | 13.2
Maces & Flails | 1 4 6 8 9 11 12 13 | 13.1

Action                   |  1- 3 |  4- 6 |  7- 9 | 10-12 | 13-15 || total
-------------------------+-------+-------+-------+-------+-------++-------
Melee: Quarterstaff      |    86 |    94 |    47 |       |       ||   227
       Mace              |       |       |   181 |   555 |   512 ||  1248
Throw: Dart              |       |       |       |     7 |     2 ||     9
Invok: Dark Bargain      |       |       |       |     3 |       ||     3
 Abil: Dig               |       |       |       |     1 |       ||     1
Evoke: Phantom mirror    |       |       |       |       |     1 ||     1
  Use: Potion            |       |       |     2 |     7 |    14 ||    23
       Scroll            |       |       |       |    12 |    10 ||    22
 Stab: Distracted        |       |       |     1 |     1 |     3 ||     5
       Paralysed         |       |       |       |     1 |       ||     1
Armor: Scale mail        |    15 |       |       |       |       ||    15
       Ring mail         |    13 |    28 |    63 |    49 |       ||   153
       Skin              |       |       |       |    11 |       ||    11
       Chain mail        |       |       |       |    79 |   124 ||   203
Dodge: Dodged            |    50 |    57 |   209 |   368 |   232 ||   916
Block: Buckler           |    19 |    27 |    86 |   243 |    15 ||   390
       Kite shield       |       |       |       |       |   238 ||   238

Table legend: (Time is in decaauts)
 A = Elapsed time spent in this place.
 B = Non-inter-level travel time spent in this place.
 C = Inter-level travel time spent in this place.
 D = Time resting spent in this place.
 E = Time spent auto-exploring this place.
 F = Levels seen in this place.
 G = Mean time per level.
                   A        B        C        D        E       F      G
               +--------+--------+--------+--------+--------+-----+--------+
         Total |  10912 |  10344 |    568 |    238 |   6862 |  14 |  779.4 |
       Dungeon |  10641 |  10073 |    568 |    238 |   6743 |  12 |  886.8 |
        Temple |      1 |      1 |      0 |      0 |      0 |   1 |    1.0 |
        Bailey |    268 |    268 |      0 |      0 |    119 |   1 |  268.0 |
               +--------+--------+--------+--------+--------+-----+--------+

Top non-repeatable levels by time:
    D:10: 1794 daAuts
    D:12: 1270 daAuts
     D:9: 1185 daAuts
     D:7: 952 daAuts
    D:11: 916 daAuts
     D:8: 841 daAuts
     D:5: 782 daAuts
     D:2: 779 daAuts
     D:3: 612 daAuts
     D:1: 555 daAuts
     D:6: 542 daAuts
     D:4: 409 daAuts
  Bailey: 268 daAuts
  Temple: 1 daAuts
